 Dungeon Crawl Stone Soup version 0.29.0-7-g18a832c13a (webtiles) character file.

Game seed: 10945938384515949091

71 brob1 the Chopper (level 4, -3/41 HPs)
             Began as a Minotaur Berserker on Sept 1, 2022.
             Was a Believer of Trog.
             Killed from afar by an orc wizard (11 damage)
             ... with a puff of flame
             ... on level 3 of the Dungeon.
             The game lasted 00:01:51 (1995 turns).

brob1 the Chopper (Minotaur Berserker)              Turns: 1995, Time: 00:01:51

Health: -3/41      AC:  6    Str: 24    XL:     4   Next: 5%
Magic:  3/3        EV: 10    Int:  4    God:    Trog [**....]
Gold:   147        SH:  0    Dex:  9    Spells: 3/3 levels left

rFire   . . .      SeeInvis .   a - +0 hand axe
rCold   . . .      Faith    .   (no shield)
rNeg    . . .      Spirit   .   g - +0 scale mail
rPois   .          Reflect  .   (helmet restricted)
rElec   .          Harm     .   (no cloak)
rCorr   .          Rampage  .   (no gloves)
Will    .....                   (no boots)
Stlth   ..........              (no amulet)
HPRegen 0.13/turn               (no ring)
MPRegen 0.08/turn               (no ring)

@: mighty, hasted, very quick
A: horns 2, retaliatory headbutt
a: Renounce Religion, Berserk, Trog's Hand


You were on level 3 of the Dungeon.
You worshipped Trog.
Trog was pleased with you.
You visited 1 branch of the dungeon, and saw 3 of its levels.

You collected 147 gold pieces.

Inventory:

Hand Weapons
 a - a +0 hand axe (weapon)
Armour
 g - a +0 scale mail (worn)
Jewellery
 m - a ring of ice
Scrolls
 c - a scroll of blinking {unknown}
 f - a scroll of teleportation {unknown}
 h - 3 scrolls of identify {unknown}
 i - a scroll of torment {unknown}
 k - a scroll of brand weapon {unknown}
 l - a scroll of amnesia {unknown}
 o - a scroll of vulnerability {unknown}
 q - a scroll of poison {unknown}
Potions
 b - a potion of curing
 d - a potion of might
 e - 2 potions of haste
 j - a potion of lignification {unknown}
 n - a potion of mutation {unknown}
 p - a potion of degeneration {unknown}


   Skills:
 + Level 4.4 Fighting
 + Level 4.8 Axes
 + Level 3.0 Armour
 + Level 2.6 Dodging
 + Level 0.1 Stealth


You had 3 spell levels left.
You didn't know any spells.
Your spell library was empty.

Dungeon Overview and Level Annotations

Branches:
Dungeon (3/15)

Altars:


Innate Abilities, Weirdness & Mutations

You have a pair of horns on your head.
You reflexively headbutt those who attack you in melee.


Message History

You are too confused!
You are too confused!
You are too confused!
You are too confused!
You are too confused!
You are too confused!
You are too confused!
You are too confused!
You hit the orc.
The orc is severely wounded.
You barely miss the orc wizard.
The orc wizard hits you but does no damage.
The orc hits you but does no damage.
You bump into the rock wall.
The orc wizard hits you with a +0 dagger.
The orc hits you with a +0 club.
You miss the orc wizard.
The orc wizard is severely wounded.
You barely miss the orc. The orc wizard barely misses you.
The orc hits you but does no damage.
You hit the orc wizard but do no damage.
Your headbutt misses the orc wizard. You punch the orc wizard.
The orc wizard is severely wounded.
You closely miss the orc.
The orc wizard gestures at you while chanting.
The puff of flame hits you!
* * * LOW HITPOINT WARNING * * *
The orc hits you with a +0 club.
* * * LOW HITPOINT WARNING * * *
It was a potion of haste.
You feel yourself speed up.
The orc wizard hits you with a +0 dagger.
* * * LOW HITPOINT WARNING * * *
The orc hits you but does no damage.
It was a potion of might.
You feel very mighty all of a sudden. The orc wizard barely misses you.
The orc hits you but does no damage.
It was a potion of curing.
You feel better.
The orc wizard points at you and mumbles some strange words.
The puff of flame hits you!
You die...

...#.......#
#..#<....#.#
...#.......#
#.###.####.# #.#
#.# #.# ..#
#.####.# ####
..###.#>...# ...
...##.#....######.#
)..+............@o#
...####...#######o#
..## #..## o# .##
#.## .# ## #.# .# #
#.# .# #######.# ..
#.......# ##
..#######


You could see an orc wizard and 2 orcs.

Vanquished Creatures
  3 adders (D:2)
  An orc (D:3)
  5 ball pythons
  5 endoplasms
  2 giant cockroaches
  4 hobgoblins
  3 quokkas
  2 bats
  2 frilled lizards
  5 goblins
  5 kobolds
  4 rats (D:1)
41 creatures vanquished.

Notes
Turn   | Place    | Note
-------+----------+-------------------------------------------
     0 | D:1      | brob1 the Minotaur Berserker began the quest for the Orb.
     0 | D:1      | Reached XP level 1. HP: 19/19 MP: 0/0
   104 | D:1      | Found a faded altar of an unknown god.
   382 | D:1      | Reached XP level 2. HP: 27/27 MP: 1/1
   804 | D:2      | Reached XP level 3. HP: 33/33 MP: 2/2
   899 | D:2      | Reached ** piety under Trog
  1694 | D:3      | Reached XP level 4. HP: 23/41 MP: 3/3
  1993 | D:3      | HP: 1/41 [orc wizard/+0 dagger (2)]
  1995 | D:3      | Killed from afar by an orc wizard

Illustrated notes

Levels and vault maps discovered:
D:1:      dpeg_arrival_solitude, layout_basic, ebering_ecumenical_altar_hall,
          grunt_decor_mini_mirrors
D:2:      layout_loops_ring
D:3:      layout_loops_corners

Skill      XL: |  1  2  3 |
---------------+----------+-----
Fighting       | 4 |  4.4
Axes           | 4 |  4.8
Armour         | 3 |  3.0
Dodging        | |  2.6
Stealth        | |  0.1

Action                   |  1- 3 |  4- 6 || total
-------------------------+-------+-------++-------
Melee: Hand axe          |    84 |    18 ||   102
       Headbutt          |    13 |     1 ||    14
       Punch             |       |     2 ||     2
  Use: Potion            |       |     3 ||     3
Armor: Animal skin       |     1 |       ||     1
       Scale mail        |    21 |    11 ||    32
Dodge: Dodged            |    46 |    11 ||    57
